 Dungeon Crawl Stone Soup version 0.17-a0-1397-g0eee0a3 (webtiles) character file.

105 Fluffy the Cudgeler (level 4, -5/28 HPs)
             Began as a Gargoyle Fighter on June 17, 2015.
             Slain by Fluffy's ghost (11 damage)
             ... on level 3 of the Dungeon.
             The game lasted 00:03:48 (1706 turns).

Fluffy the Cudgeler (Gargoyle Fighter)              Turns: 1706, Time: 00:03:48

Health: -5/28      AC: 13    Str: 24    XL:     4   Next: 83%
Magic:  4/4        EV:  5    Int:  9    God:
Gold:   193        SH:  9    Dex: 10    Spells: 0 memorised, 3 levels left

rFire  . . .     SeeInvis .     a - +1 flail
rCold  . . .     Clarity  .     i - +0 chain mail
rNeg   + . .     SustAt   .     c - +0 shield
rPois  ∞         Gourm    .     (no helmet)
rElec  +         Spirit   .     j - +0 cloak
rCorr  .         Warding  .     (no gloves)
rMut   .         Stasis   .     (no boots)
MR     .....                    (no amulet)
Stlth  ..........               (no ring)
                                (no ring)

@: mighty, not resistant to hostile enchantments, extremely unstealthy
A: negative energy resistance 1, electricity resistance, unbreathing,
petrification resistance, rot immunity, AC +3
a: no special abilities


You were on level 3 of the Dungeon.
You were not hungry.

You visited 1 branch of the dungeon, and saw 3 of its levels.

You collected 193 gold pieces.

Inventory:

Hand weapons
 a - a +1 flail (weapon)
Armour
 c - a +0 shield (worn)
 i - a +0 chain mail (worn)
 j - a +0 cloak (worn)
Jewellery
 s - an uncursed amulet of faith
Scrolls
 b - 2 scrolls of enchant weapon
 f - 3 scrolls of magic mapping
 k - 3 scrolls of identify
Potions
 p - 2 potions of flight
 t - 2 potions of resistance
Comestibles
 e - 3 bread rations
 g - a meat ration
 r - 3 slices of pizza
 v - 2 chunks of flesh


   Skills:
 - Level 3.2 Fighting
 + Level 4.8 Maces & Flails
 - Level 3.2 Armour
 - Level 3.2 Shields


You had 3 spell levels left.
You didn't know any spells.

Dungeon Overview and Level Annotations

Branches:
Dungeon (3/15)

Altars:

Annotations:
D:3 Fluffy's ghost, average GrFi


Innate Abilities, Weirdness & Mutations

You are resistant to torment.
Your stone body is resilient (AC +3).
You are immune to poison.
You resist negative energy.
You are resistant to electric shocks.
You can survive without breathing.
You are immune to petrification.
You are immune to rotting.


Message History

You hit Fluffy's ghost but do no damage.
Fluffy's ghost is moderately damaged.
Fluffy's ghost completely misses you.
You bludgeon Fluffy's ghost!!
Fluffy's ghost is almost destroyed.
You block Fluffy's ghost's attack.
You hit Fluffy's ghost but do no damage.
Fluffy's ghost is almost destroyed.
Fluffy's ghost hits you. You block Fluffy's ghost's attack.
You hit Fluffy's ghost but do no damage.
Fluffy's ghost is almost destroyed.
Fluffy's ghost hits you.
You hit Fluffy's ghost.
Fluffy's ghost is almost destroyed.
Fluffy's ghost hits you!
* * * LOW HITPOINT WARNING * * *
Your shield prevents you from hitting Fluffy's ghost.
Fluffy's ghost is almost destroyed.
Fluffy's ghost hits you!
You die...

*,**,,,** #.#8,,,8*
#.#*,,,**
######.#*,,,*######
#......#*,,,*#....#
#......#8,,,8#....#
#......#*,,,*#....#
#.?...W#*,,,*#....#
#.....@#*,,,*#....#
######.#8,,,8###..###
#####.#*,,,** ##..(##
#.....#**⌠** ##....##
#.....####* ##()....#
#......#.#####(.......
#..........)((........
######..........###....<...
#.........####...###......#


You could see Fluffy's ghost.

Vanquished Creatures
  Natasha (D:3)
  2 adders (D:3)
  An ooze (D:2)
  A worm (D:3)
  A giant gecko (D:2)
  2 orcs (D:3)
  5 giant cockroaches
  5 goblins (D:1)
  11 hobgoblins
  A quokka (D:3)
  A ball python (D:3)
  4 bats
  5 giant newts
  7 kobolds
  6 rats
53 creatures vanquished.

Notes
Turn   | Place    | Note
--------------------------------------------------------------
     0 | D:1      | Fluffy the Gargoyle Fighter began the quest for the Orb.
     0 | D:1      | Reached XP level 1. HP: 14/14 MP: 1/1
   171 | D:1      | Reached XP level 2. HP: 17/19 MP: 2/2
   614 | D:1      | Reached XP level 3. HP: 23/23 MP: 3/3
  1409 | D:3      | Reached skill level 4 in Maces & Flails
  1462 | D:3      | Noticed Natasha
  1474 | D:3      | Reached XP level 4. HP: 8/28 MP: 4/4
  1485 | D:3      | HP: 1/28 [Natasha (3)]
  1493 | D:3      | Killed Natasha
  1694 | D:3      | Noticed Fluffy's ghost (average GrFi)
  1706 | D:3      | Slain by Fluffy's ghost

Vault maps used:
D:1:      lemuel_arrival_lava_pool
D:2:      first_bread
D:3:      serial_corexii_hall, corexii_hall_statues_deadend,
          corexii_hall_statues_x, corexii_hall_statues_l,
          corexii_hall_statues_i, corexii_hall_statues_x,
          corexii_hall_statues_x, uniq_natasha

Action                   |  1- 3 |  4- 6 || total
-------------------------+-------+-------++-------
Melee: Flail             |   175 |    61 ||   236
  Use: Scroll            |       |     8 ||     8
       Potion            |       |     4 ||     4
  Eat: Chunk             |     2 |     1 ||     3
